 Dungeon Crawl Stone Soup version 0.29.1 (webtiles) character file.

Game seed: 16948994020951289284

37564 groovy9 the Marksminotaur (level 13, -6/107 HPs)
             Began as a Minotaur Hunter on Sept 14, 2022.
             Was the Champion of Hepliaklqana.
             Mangled by a wyvern (12 damage)
             ... on level 5 of the Lair of Beasts.
             The game lasted 00:56:59 (17013 turns).

groovy9 the Marksminotaur (Minotaur Hunter)        Turns: 17013, Time: 00:57:00

Health: -6/107     AC: 15    Str: 21    XL:     13   Next: 59%
Magic:  15/17      EV: 19    Int:  6    God:    Hepliaklqana [******]
Gold:   619        SH:  0    Dex: 25    Spells: 12/12 levels left

rFire   + . .      SeeInvis +   F - +0 arbalest (freeze)
rCold   + + .      Faith    .   (shield currently unavailable)
rNeg    . . .      Spirit   .   m - +3 scale mail "Rionguar" {Fly rC+ Str+5 Slay+2}
rPois   .          Reflect  .   (helmet restricted)
rElec   .          Harm     .   x - scarf {rC+ rF+}
rCorr   .          Rampage  .   o - +1 pair of gloves
Will    .....                   h - +0 pair of boots
Stlth   +.........              A - amulet of regeneration
HPRegen 1.07/turn               i - ring of see invisible
MPRegen 0.15/turn               v - +6 ring of dexterity

@: lethally poisoned (-6 -> -36), about to teleport, flying
A: reduced essence, horns 2, retaliatory headbutt
a: Renounce Religion, Recall Ancestor, Ancestor Identity, Transference, Idealise


You were on level 5 of the Lair of Beasts.
You worshipped Hepliaklqana.
Hepliaklqana was exalted by your worship.
You visited 3 branches of the dungeon, and saw 18 of its levels.
You also visited: Sewer.

You collected 1744 gold pieces.
You spent 1125 gold pieces at shops.

Inventory:

Hand Weapons
 F - a +0 arbalest of freezing (weapon)
Missiles
 t - a throwing net
Armour
 h - a +0 pair of boots (worn)
 m - the +3 scale mail "Rionguar" (worn) {Fly rC+ Str+5 Slay+2}
   (You bought it in a shop on level 4 of the Dungeon)

   Str:       It affects your strength (+5).
   Slay:      It affects your accuracy & damage with ranged weapons and melee
   (+2).
   rC:        It protects you from cold.
   Fly:       It grants you flight.
 o - a +1 pair of gloves (worn)
 x - a scarf of resistance (worn)
Jewellery
 i - a ring of see invisible (left hand)
 v - a +6 ring of dexterity (right hand)
 A - an amulet of regeneration (around neck)
Wands
 a - a wand of flame (7)
 y - a wand of polymorph (11)
 B - a wand of mindburst (16)
 I - a wand of roots (8)
 K - a wand of quicksilver (7)
Scrolls
 b - 2 scrolls of immolation
 d - 6 scrolls of enchant armour
 f - a scroll of silence
 j - 3 scrolls of amnesia
 n - 7 scrolls of identify
 p - a scroll of teleportation
 u - 3 scrolls of vulnerability
 D - 2 scrolls of brand weapon
 E - 3 scrolls of magic mapping
 J - a scroll of enchant weapon
Potions
 c - 5 potions of curing
 e - a potion of brilliance
 g - 3 potions of invisibility
 k - 2 potions of might
 l - 2 potions of degeneration
 q - 3 potions of mutation
 r - 2 potions of haste {unknown}
 s - 2 potions of heal wounds
 z - a potion of flight
 C - a potion of attraction
 G - 2 potions of lignification
 H - a potion of ambrosia {unknown}
Miscellaneous
 w - a phial of floods


   Skills:
 + Level 12.4 Fighting
 * Level 16.2 Ranged Weapons
 + Level 10.8 Armour
 + Level 11.4 Dodging
 - Level 0.7 Stealth
 + Level 7.3 Invocations
 - Level 3.5 Evocations


You had 12 spell levels left.
You didn't know any spells.
Your spell library contained the following spells:

 Spells                   Type           Power      Damage    Failure   Level
 Apportation              Tloc           0%         N/A       73%         1
 Freeze                   Ice            0%         1d3       73%         1
 Magic Dart               Conj           0%         1d3       73%         1
 Searing Ray              Conj           0%         2d4       86%         2
 Static Discharge         Conj/Air       0%         3-3/arc   86%         2
 Dazzling Flash           Conj/Hex       0%         N/A       97%         3
 Frozen Ramparts          Ice            0%         1d1       97%         3
 Animate Dead             Necr           0%         N/A       100%        4
 Dispel Undead            Necr           0%         3d6       100%        4
 Fulminant Prism          Conj/Hex       0%         3d6       100%        4
 Hailstorm                Conj/Ice       0%         3d3       100%        4
 Sticky Flame             Conj/Fire      0%         2d3       100%        4
 Summon Lightning Spire   Summ/Air       0%         N/A       100%        4
 Agony                    Necr           0%         N/A       100%        5
 Alistair's Intoxication  Tmut/Pois      0%         N/A       100%        5
 Borgnjor's Vile Clutch   Necr/Erth      0%         N/A       100%        5
 Silence                  Hex/Air        0%         N/A       100%        5
 Death Channel            Necr           0%         N/A       100%        6
 Storm Form               Tmut/Air       0%         N/A       100%        7
 Maxwell's Capacitive Co  Air            0%         ∞         100%        8


Dungeon Overview and Level Annotations

Branches:
Dungeon (11/15)            Temple (0/1) D:6            Lair (5/5) D:11
  Swamp (0/4) Lair:3       Spider (0/4) Lair:3          Orc (2/2) D:9
    Elf (0/3) Orc:2         Sewer (visited)
  Slime: Lair:4-5

Altars:
Ashenzari
Elyvilon
Gozag
Hepliaklqana
Kikubaaqudgha
Nemelex Xobeh
Okawaru
Trog
Uskayaw
Vehumet
Xom

Shops:
D:2 =   D:4 [   D:6 *   Orc:2 ([!*(

Annotations:
D:6 2 transporters, robertstho's ghost, novice TeBe
D:7 1 runed translucent door, ponyjar's ghost, novice SpDe


Innate Abilities, Weirdness & Mutations

Your life essence is reduced to manifest your ancestor. (-10% HP)
You have a pair of horns on your head.
You reflexively headbutt those who attack you in melee.


Message History

The cane toad stings the fungus!
The fungus begins to die.
Belessunu barely misses the cane toad.
The black mamba bites you but does no damage.
The redback misses you. The wyvern closely misses you. You furiously retaliate!
You headbutt the wyvern!
The guardian serpent casts a spell at you.
The water moccasin bites the fungus!
Belessunu blocks the cane toad's attack.
The water moccasin bites the fungus.
The fungus begins to die.
The water moccasin bites Belessunu but does no damage.
You feel better.
You feel yourself speed up.
A nearby fungus withers and dies.
The black mamba misses you. The redback bites you!
You are poisoned.
The redback poisons you!
The wyvern bites you but does no damage.
The cane toad stings the fungus.
The black mamba bites you!
* * * LOW HITPOINT WARNING * * *
You are more poisoned.
The black mamba poisons you!
Belessunu hits the cane toad with a +0 flail!
The water moccasin bites the fungus.
The cane toad stings Belessunu.
The redback bites you but does no damage.
The wyvern barely misses you.
The cane toad stings the fungus!
The black mamba bites you but does no damage.
The water moccasin bites you.
* * * LOW HITPOINT WARNING * * *
The water moccasin bites the fungus.
Belessunu hits the cane toad with a +0 flail!
Okay, then.
Okay, then.
Okay, then.
As you read the scroll of teleportation, it crumbles to dust.
You feel strangely unstable.
* * * LOW HITPOINT WARNING * * *
You feel extremely sick.
The redback bites you but does no damage.
The wyvern bites you!
You die...

$ #. #.l# .
)..lF ..$
#yF.R####s..$:


#SPPlP@SSs..|[ #.PPSSlsFF..[[ #....####...$. ##..# #..$ ### #[ You could see the
friendly Belessunu the knight, a wolf spider, a guardian serpent, a black mamba,
4 cane toads, a hornet, 3 water moccasins, 4 wyverns and 2 redbacks.

Vanquished Creatures
  The ghost of Kyusiynim the Covert, a journeyman GnEn (Lair:4)
  A fire dragon (Lair:5)
  A hydra (Lair:3)
  A boulder beetle (D:10)
  A catoblepas (Lair:5)
  Erica (D:9)
  An orb spider (Lair:3)
  3 orc sorcerers (Orc:2)
  5 elephants (Lair:1)
  A black mamba (Lair:4)
  4 cane toads
  Joseph (D:7)
  3 torpor snails
  2 rime drakes
  3 kobold demonologists (D:11)
  4 komodo dragons
  3 trolls
  2 tyrant leeches (Lair:3)
  2 hornets (Lair:5)
  11 blink frogs
  A wraith (D:11)
  2 wyverns
  4 basilisks
  2 vampire mosquitoes (D:10)
  41 yaks
  2 wargs (Orc:2)
  7 water moccasins
  12 orc warriors
  2 wolves
  2 ogres (Orc:2)
  3 centaurs
  A kobold brigand (D:11)
  9 bullfrogs
  A scorpion (D:3)
  5 wights
  4 killer bees (D:8)
  An electric eel (Lair:1)
  4 howler monkeys
  3 gnoll boudas
  3 hounds
  2 jellies (D:6)
  21 orc priests
  Jessica (D:2)
  5 iguanas
  23 orc wizards
  8 gnolls
  12 adders
  2 worms
  65 orcs
  11 ball pythons
  10 endoplasms
  8 giant cockroaches
  6 goblins
  7 hobgoblins
  13 jackals
  17 kobolds
  12 quokkas
  9 bats
  10 frilled lizards (Sewer)
  6 rats
408 creatures vanquished.

Vanquished Creatures (collateral kills)
  A hydra (D:11)
  A centaur warrior (D:11)
  An orc high priest (Orc:2)
  Pikel (D:8)
  An orc sorcerer (Orc:2)
  An ugly thing (D:11)
  A black mamba (Lair:4)
  A cane toad (Lair:1)
  3 komodo dragons
  2 tyrant leeches
  A blink frog (Lair:2)
  A shadow (D:11)
  2 wyverns
  A wraith (D:11)
  8 yaks
  A basilisk (Lair:1)
  A warg (Orc:2)
  A water moccasin (Lair:3)
  6 orc warriors
  2 sky beasts
  A centaur (D:7)
  An ogre (D:5)
  3 wolves
  3 lemures (D:8)
  2 kobold brigands
  A necrophage (D:5)
  2 scorpions
  2 wights (D:8)
  A howler monkey (D:9)
  A jelly (D:5)
  2 hounds (D:7)
  2 orc priests
  An iguana (D:7)
  12 orc wizards
  4 gnolls
  An adder (D:4)
  A white imp (D:7)
  21 orcs
  An endoplasm (D:4)
  4 kobolds
103 creatures vanquished.

Vanquished Creatures (others)
  2 knights (Lair:1)
  2 ancestors
  13 fungi
  5 plants
22 creatures vanquished.

Grand Total: 533 creatures vanquished

Notes
Turn   | Place    | Note
-------+----------+-------------------------------------------
     0 | D:1      | groovy9 the Minotaur Hunter began the quest for the Orb.
     0 | D:1      | Reached XP level 1. HP: 18/18 MP: 0/0
   116 | D:1      | Reached XP level 2. HP: 25/25 MP: 1/1
   638 | D:1      | Reached skill level 5 in Ranged Weapons
   716 | D:1      | Reached XP level 3. HP: 31/31 MP: 2/2
   901 | D:2      | Found a faded altar of an unknown god.
  1134 | D:2      | Found a hazy altar of Hepliaklqana.
  1148 | D:2      | Became a worshipper of Hepliaklqana the Forgotten
  1168 | D:2      | Noticed Jessica
  1173 | D:2      | Killed Jessica
  1174 | D:2      | Reached XP level 4. HP: 21/38 MP: 3/3
  1351 | D:2      | Found Yffupei's Jewellery Shoppe.
  1770 | D:3      | Found an iron altar of Okawaru.
  1781 | D:3      | Reached XP level 5. HP: 13/46 MP: 4/4
  2016 | D:3      | Found a glowing drain.
  2024 | Sewer    | Entered a sewer
  2075 | Sewer    | Reached skill level 6 in Ranged Weapons
  2252 | Sewer    | Reached XP level 6. HP: 51/53 MP: 5/5
  2833 | D:3      | Reached skill level 7 in Ranged Weapons
  3432 | D:3      | Reached skill level 5 in Fighting
  3574 | D:4      | Reached XP level 7. HP: 61/61 MP: 6/6
  4142 | D:4      | You fall into a shaft and drop 1 floor!
  4142 | D:5      | Entered Level 5 of the Dungeon
  4256 | D:5      | Reached * piety under Hepliaklqana
  4300 | D:5      | Reached skill level 8 in Ranged Weapons
  4300 | D:5      | Reached skill level 5 in Dodging
  4640 | D:2      | Bought a ring of see invisible for 195 gold pieces
  4677 | D:4      | Found Dapp's Armour Emporium.
  5180 | D:5      | Reached skill level 1 in Armour
  5180 | D:5      | Reached XP level 8. HP: 63/63 MP: 7/7
  5282 | D:5      | Found a white marble altar of Elyvilon.
  5285 | D:5      | Found a bloodstained altar of Trog.
  5321 | D:5      | Found an ancient bone altar of Kikubaaqudgha.
  5409 | D:6      | Found a radiant altar of Vehumet.
  5631 | D:6      | Found Gozag's Platinum Reserve.
  5632 | D:6      | Found an opulent altar of Gozag.
  5650 | D:6      | Reached ** piety under Hepliaklqana
  5651 | D:6      | Remembered your ancestor Belessunu as a knight
  5673 | D:6      | Found a staircase to the Ecumenical Temple.
  5702 | D:6      | Found a transporter.
  5703 | D:6      | Noticed a two-headed ogre
  5703 | D:6      | Found a transporter.
  5703 | D:6      | Noticed robertstho's ghost (novice TeBe)
  5782 | D:6      | Reached skill level 9 in Ranged Weapons
  5981 | D:7      | Found a runed translucent door.
  6186 | D:7      | Noticed Joseph
  6212 | D:7      | Killed Joseph
  6287 | D:7      | Reached XP level 9. HP: 65/71 MP: 8/8
  6354 | D:7      | Reached skill level 10 in Ranged Weapons
  6457 | D:7      | Found a shimmering altar of Xom.
  6638 | D:7      | Noticed ponyjar's ghost (novice SpDe)
  6794 | D:8      | Reached skill level 1 in Evocations
  6828 | D:8      | Found a hide-covered altar of Uskayaw.
  7032 | D:8      | Noticed Pikel
  7047 | D:8      | Killed Pikel
  7170 | D:8      | Reached skill level 5 in Armour
  7418 | D:8      | Reached *** piety under Hepliaklqana
  7666 | D:9      | Reached skill level 11 in Ranged Weapons
  7706 | D:9      | Noticed Erica
  7724 | D:9      | Killed Erica
  7725 | D:9      | Reached XP level 10. HP: 81/81 MP: 9/9
  8041 | D:9      | Found a staircase to the Orcish Mines.
  8463 | D:9      | Found a sparkling altar of Nemelex Xobeh.
  8561 | Orc:1    | Entered Level 1 of the Orcish Mines
  8797 | Orc:2    | Entered Level 2 of the Orcish Mines
  8980 | Orc:2    | Reached skill level 1 in Invocations
  9001 | Orc:2    | Reached skill level 12 in Ranged Weapons
  9013 | Orc:2    | Found a staircase to the Elven Halls.
  9028 | Orc:2    | Noticed an orc sorcerer
  9030 | Orc:2    | Killed an orc sorcerer
  9729 | Orc:2    | Found Jisauci's Antique Weapon Shop.
  9969 | Orc:2    | Noticed an orc high priest
  9970 | Orc:2    | Noticed an orange demon
  9997 | Orc:2    | Reached XP level 11. HP: 34/87 MP: 11/11
 10021 | Orc:2    | Killed an orc high priest
 10252 | Orc:2    | Reached **** piety under Hepliaklqana
 10254 | Orc:2    | Found Giduzorghae's Armour Shop.
 10254 | Orc:2    | Found Vexuwith's Antique Weapon Shop.
 10255 | Orc:2    | Found Utucruijyk's Distillery.
 10259 | Orc:2    | Found Tooqoo's General Store.
 10262 | Orc:2    | Noticed an orc sorcerer
 10265 | Orc:2    | Noticed an orc sorcerer
 10266 | Orc:2    | Killed an orc sorcerer
 10284 | Orc:2    | Noticed a soul eater
 10284 | Orc:2    | Noticed an orc sorcerer
 10289 | Orc:2    | Killed an orc sorcerer
 10296 | Orc:2    | Paralysed by an orc sorcerer for 2 turns
 10301 | Orc:2    | Killed an orc sorcerer
 10664 | Orc:2    | Noticed an orc high priest
 10804 | D:4      | Bought the +3 scale mail "Rionguar" {Fly rC+ Str+5 Slay+2}
                  | for 540 gold pieces
 10974 | D:10     | Entered Level 10 of the Dungeon
 10978 | D:10     | Reached skill level 13 in Ranged Weapons
 11107 | D:10     | Reached skill level 10 in Fighting
 11420 | D:10     | Found a broken altar of Ashenzari.
 11541 | D:10     | Reached ***** piety under Hepliaklqana
 12005 | D:11     | Noticed a boulder beetle
 12148 | D:10     | Killed a boulder beetle
 12376 | D:11     | Noticed a sun demon
 12392 | D:11     | Found a staircase to the Lair.
 12450 | D:11     | Noticed a centaur warrior
 12454 | D:11     | Killed a centaur warrior
 12516 | D:11     | Noticed a six-headed hydra
 12519 | D:11     | Killed a six-headed hydra
 12520 | D:11     | Reached skill level 14 in Ranged Weapons
 12520 | D:11     | Reached XP level 12. HP: 97/97 MP: 14/14
 13107 | D:11     | Reached skill level 5 in Invocations
 13314 | D:2      | Bought an amulet of regeneration for 390 gold pieces
 13475 | Lair:1   | Entered Level 1 of the Lair of Beasts
 13548 | Lair:1   | Identified the +8 glaive of War {freeze, Int+3 Dex+4}
 13591 | Lair:1   | Reached skill level 10 in Dodging
 14432 | Lair:2   | Reached skill level 15 in Ranged Weapons
 14759 | Lair:2   | Reached skill level 10 in Armour
 15111 | Lair:3   | Reached ****** piety under Hepliaklqana
 15245 | Lair:3   | Reached XP level 13. HP: 105/105 MP: 16/16
 15437 | Lair:3   | Found a staircase to the Swamp.
 15601 | Lair:3   | Found a hole to the Spider Nest.
 16570 | Lair:4   | Identified the +9 rapier "Jellybane" {vorpal, rPois rCorr
                  | Str+2}
 16572 | Lair:4   | Found a runed translucent door.
 16572 | Lair:4   | Noticed Kyusiynim's ghost (journeyman GnEn)
 16781 | Lair:4   | Killed Kyusiynim's ghost
 16834 | Lair:5   | Entered Level 5 of the Lair of Beasts
 16859 | Lair:5   | Reached skill level 16 in Ranged Weapons
 16886 | Lair:5   | Found a runed translucent door.
 16887 | Lair:5   | Noticed a fire dragon
 16903 | Lair:5   | Killed a fire dragon
 17007 | Lair:5   | Paralysed by a hornet for 1 turns
 17013 | Lair:5   | Mangled by a wyvern

Illustrated notes

Levels and vault maps discovered:
D:1:      giann_wishing_wells, layout_basic
D:2:      layout_basic, nicolae_ecumenical_oubliette, serial_shops,
          nicolae_shop_hallway_stairs, basic_altar, uniq_jessica
D:3:      layout_basic, mainiacjoe_overflow_surrounded_room,
          portal_sewer_entry_f, kennysheep_generic_room_4
D:4:      layout_cave_pools, kennysheep_windowed_goal
D:5:      layout_cave_pools, nicolae_overflow_hidden_temple, minmay_checkerbox
D:6:      layout_rooms, nicolae_vehumet_altar_sigil,
          nicolae_gozag_zags_fifth_avenue, minmay_temple_entry_steel_oval,
          gammafunk_ghost_smash
D:7:      layout_loops_ring, mainiacjoe_overflow_alcove_2,
          ebering_ghost_inner_flame, uniq_joseph
D:8:      layout_gridville, mainiacjoe_overflow_tiny_flanked, uniq_pikel
D:9:      layout_roguey, nemelex_xobeh_ov_fountains_minmay, david_orc_5,
          uniq_erica
D:10:     layout_basic, lemuel_doored_altar, serial_rivers,
          chequers_serial_rivers_small_b, chequers_serial_rivers_small_a,
          chequers_serial_rivers_marsh, chequers_serial_rivers_room_b,
          chequers_serial_rivers_room_b, library_closet, minmay_misc_feat_tiny
D:11:     layout_loops_ring, lair_entry_dummy, st_stairs_10,
          nrook_mini_backslash, chequers_hall_statues_y
Lair:1:   layout_gridlike, serial_rivers, chequers_serial_rivers_large_a,
          chequers_serial_rivers_room_a, chequers_serial_rivers_marsh,
          chequers_serial_rivers_small_a, chequers_serial_rivers_micro_d,
          chequers_serial_rivers_small_3
Lair:2:   layout_hall_layers
Lair:3:   layout_concentric_octagons, minmay_swamp_entry_worms,
          nicolae_spider_entry_orb_guardian, beast_lair_carwin_5
Lair:4:   layout_cave_shapes, ebering_ghost_reflecting_pool, grunt_megastairs_1
Lair:5:   wormcave, layout_gridlike, hangedman_lair_tendril_chambers,
          minmay_slime_entry_oklob_open
Orc:1:    layout_caves, basic_altar
Orc:2:    st_orc_mages, layout_caves, serial_shops, nicolae_shop_crystal

Skill      XL: |  1  2  3  4  5  6  7  8  9 10 11 12 13 |
---------------+----------------------------------------+-----
Fighting       | 3 4 5 6 7 8 9 10 11 12 | 12.4
Ranged Weapons | 5 6 7 8 9 11 12 14 15 16 | 16.2
Dodging        | 3 4 5 6 7 8 9 10 11 | 11.4
Armour         | 1 3 5 7 8 10 | 10.8
Evocations     | 3 |  3.5
Invocations    | 2 4 6 7 |  7.3
Stealth        | |  0.7

Action                   |  1- 3 |  4- 6 |  7- 9 | 10-12 | 13-15 || total
-------------------------+-------+-------+-------+-------+-------++-------
Melee: Shortbow          |       |       |     1 |       |       ||     1
 Fire: Shortbow          |    99 |   212 |   359 |    57 |       ||   727
       Arbalest          |       |       |       |   451 |   150 ||   601
Invok: Recall Ancestor   |       |       |     4 |     4 |     2 ||    10
       Ancestor Life: Kn |       |       |     1 |       |       ||     1
  Use: Scroll            |       |     7 |     3 |     8 |     2 ||    20
       Potion            |       |       |     2 |     8 |     3 ||    13
Armor: Leather armour    |    12 |    33 |    27 |       |       ||    72
       Ring mail         |       |       |     6 |    13 |       ||    19
       Scale mail        |       |       |       |    29 |    18 ||    47
Dodge: Dodged            |    24 |    96 |    80 |   111 |    52 ||   363
